 Dungeon Crawl Stone Soup version 0.30-a0-924-g0ad0bf95bc (webtiles) character file.

Game seed: 7135509878419399045

1011 bande the Chopper (level 8, 49/49 HPs)
             Began as a Gargoyle Fighter on Mar 22, 2023.
             Was a Follower of Okawaru.
             Quit the game on level 4 of the Dungeon.
             The game lasted 00:07:43 (3139 turns).

bande the Chopper (Gargoyle Fighter)                Turns: 3139, Time: 00:07:44

Health: 49/49      AC: 14    Str: 19    XL:     8   Next: 21%
Magic:  10/10      EV:  9    Int: 16    God:    Okawaru [*.....]
Gold:   190        SH:  5    Dex: 11    Spells: 7/7 levels left

rFire   . . .      SeeInvis .    a - +1 war axe (venom)
rCold   . . .      Faith    .    c - +0 buckler
rNeg    + . .      Spirit   .    n - +1 scale mail {Will+}
rPois   ∞          Reflect  .    (helmet restricted)
rElec   +          Rampage  .    (no cloak)
rCorr   +                        (no gloves)
Will    +....                    (no boots) Stlth
                                 i - amulet of regeneration
HPRegen 1.08/turn                e - ring of resist corrosion
MPRegen 0.12/turn                g - +6 ring of intelligence

@: no status effects
A: sickness immunity, AC +5, negative energy resistance 1, electricity
resistance, torment resistance 1, petrification resistance, horns 1, talons 1,
deterioration 1, screaming 1
a: Renounce Religion, Heroism


You were on level 4 of the Dungeon.
You worshipped Okawaru.
Okawaru was aware of your devotion.
You visited 2 branches of the dungeon, and saw 5 of its levels.

You collected 190 gold pieces.

Inventory:

Hand Weapons
 a - a +1 war axe of venom (weapon)
 o - a +2 flail of draining
Armour
 c - a +0 buckler (worn)
 n - a +1 scale mail of willpower (worn)
Jewellery
 e - a ring of resist corrosion (left hand)
 g - a +6 ring of intelligence (right hand)
 i - an amulet of regeneration (around neck)
Scrolls
 b - a scroll of identify
 f - a scroll of enchant weapon
 k - 3 scrolls of teleportation
 q - a scroll of vulnerability
 t - 2 scrolls of enchant armour {unknown}
 u - a scroll of silence {unknown}
Potions
 d - a potion of might
 h - a potion of heal wounds
 l - 2 potions of haste
 s - 2 potions of curing


   Skills:
 + Level 5.1 Fighting
 + Level 5.9 Axes
 + Level 5.5 Armour
 + Level 4.5 Shields
 * Level 3.0 Invocations


You had 7 spell levels left.
You didn't know any spells.
Your spell library contained the following spells:

 Spells                   Type           Power      Damage    Failure   Level
 Dazzling Flash           Conj/Hex       0%         N/A       95%         3
 Agony                    Necr           0%         N/A       100%        5
 Silence                  Hex/Air        0%         N/A       100%        5


Dungeon Overview and Level Annotations

Branches:
Dungeon (4/15)             Temple (1/1) D:4

Altars:
Dithmenos
Kikubaaqudgha
Nemelex Xobeh
Okawaru
Trog
Yredelemnul
The Shining One

Shops:
D:4 (


Innate Abilities, Weirdness & Mutations

You are immune to sickness and miasma.
Your stone body is resilient. (AC +5)
You are immune to poison.
You resist negative energy. (rN+)
You are resistant to electric shocks. (rElec)
You are resistant to unholy torment.
You are immune to petrification.
You have a pair of small horns on your head.
You have sharp toenails.
Your body sometimes deteriorates upon taking damage.
You occasionally shout uncontrollably at your foes.


Message History

The black bear claws you but does no damage.
You block the black bear's attack.
The black bear bites you but does no damage.
The black bear claws you but does no damage.
You block the black bear's attack.
You slash the black bear!
The black bear is poisoned.
The black bear is heavily wounded.
The black bear bites you but does no damage.
You block the black bear's attack. The black bear closely misses you.
You slash the black bear!
The black bear looks as sick as possible!
The black bear is almost dead.
The black bear bites you but does no damage.
The black bear barely misses you.
The black bear claws you but does no damage.
You hit the black bear.
You kill the black bear!
Okawaru accepts your kill.
Your Invocations skill increases to level 3!
No target in view!
No target in view!
No target in view!
No target in view!
No target in view!
Really quaff the potion of mutation?
You feel extremely strange.
You feel yourself wasting away.
You feel your magical essence link to the dungeon's wands.
Your body twists and deforms.
Your toenails lengthen and sharpen.
Really quaff the potion of mutation?
You feel extremely strange.
Your magical essence no longer links to wands of the dungeon.
Your body's shape seems more normal.
You feel your body start to fall apart.
Iridescent scales grow over part of your body.
You feel the urge to shout.
Really quaff the potion of mutation?
You feel extremely strange.
You feel a little healthier.
Your iridescent scales disappear.
A pair of horns grows on your head!
Are you sure you want to abandon this character and quit the game? (Confirm with "yes".)

####### ## #.....# #.
#####.# #. #.# #. #.#
##†#### #.## #...@.#
#...
#.###.##############.
#. #.##.............
#.###.##........####.
#.....##........####.
#####.####........†...<
#.......##.............
#.###.#.##.....).......
#.#........##......


There were no monsters in sight!

Vanquished Creatures
  Eustachio (D:4)
  Edmund (D:4)
  A black bear (D:4)
  An ogre (D:4)
  A phantom (D:4)
  A scorpion (D:4)
  A crimson imp (D:4)
  2 hounds
  2 orc priests
  Jessica (D:3)
  2 orc wizards
  A scorpion zombie (D:3)
  8 gnolls
  An adder (D:4)
  4 worms
  3 dart slugs
  22 orcs
  5 bats
  3 endoplasms
  3 giant cockroaches
  9 goblins
  2 hobgoblins
  7 jackals
  A quokka (D:1)
  6 ball pythons
  2 ball python zombies (D:3)
  3 frilled lizards (D:1)
  A goblin skeleton (D:4)
  A hobgoblin zombie (D:4)
  A kobold (D:1)
  2 orc zombies (D:4)
  4 rats
103 creatures vanquished.

Notes
Turn   | Place    | Note
-------+----------+-------------------------------------------
     0 | D:1      | bande the Gargoyle Fighter began the quest for the Orb.
     0 | D:1      | Reached XP level 1. HP: 14/14 MP: 1/1
    43 | D:1      | Reached XP level 2. HP: 19/19 MP: 2/2
   121 | D:1      | You fall into a shaft and drop 1 floor!
   223 | D:2      | Reached XP level 3. HP: 22/23 MP: 3/3
   510 | D:2      | Found a faded altar of an unknown god.
   753 | D:1      | Reached XP level 4. HP: 28/28 MP: 4/4
  1283 | D:3      | Reached XP level 5. HP: 26/33 MP: 5/5
  1353 | D:3      | Noticed Jessica
  1368 | D:3      | Killed Jessica
  1685 | D:3      | Found a basalt altar of Yredelemnul.
  2046 | D:4      | Noticed a phantom
  2073 | D:4      | Killed a phantom
  2074 | D:4      | Reached XP level 6. HP: 38/38 MP: 6/6
  2080 | D:4      | Found a staircase to the Ecumenical Temple.
  2097 | Temple   | Entered the Ecumenical Temple
  2191 | Temple   | Became a worshipper of Warmaster Okawaru
  2487 | D:4      | Reached skill level 5 in Armour
  2571 | D:4      | Reached skill level 1 in Invocations
  2602 | D:4      | Found a glowing golden altar of the Shining One.
  2624 | D:4      | Reached XP level 7. HP: 44/44 MP: 7/7
  2634 | D:4      | Noticed Edmund
  2656 | D:4      | Killed Edmund
  2656 | D:4      | Reached * piety under Okawaru
  2657 | D:4      | Reached skill level 5 in Axes
  3050 | D:4      | Noticed Eustachio
  3058 | D:4      | Killed Eustachio
  3059 | D:4      | Reached skill level 5 in Fighting
  3059 | D:4      | Reached XP level 8. HP: 42/49 MP: 8/10
  3079 | D:4      | Found Lolihaw's Weapon Boutique.
  3135 | D:4      | Gained mutation: Your body sometimes deteriorates upon
                  | taking damage. [potion of mutation]
  3135 | D:4      | Gained mutation: You expend magic power (3 MP) to
                  | strengthen your wands. [potion of mutation]
  3135 | D:4      | Gained mutation: Armour fits poorly on your strangely
                  | shaped body. [potion of mutation]
  3135 | D:4      | Gained mutation: You have sharp toenails. [potion of
                  | mutation]
  3136 | D:4      | Lost mutation: You expend magic power (3 MP) to strengthen
                  | your wands. [potion of mutation]
  3136 | D:4      | Lost mutation: Armour fits poorly on your strangely shaped
                  | body. [potion of mutation]
  3136 | D:4      | Gained mutation: Your body often deteriorates upon taking
                  | damage. [potion of mutation]
  3136 | D:4      | Gained mutation: You are partially covered in iridescent
                  | scales. (AC +2) [potion of mutation]
  3136 | D:4      | Gained mutation: You occasionally shout uncontrollably at
                  | your foes. [potion of mutation]
  3137 | D:4      | Lost mutation: Your body often deteriorates upon taking
                  | damage. [potion of mutation]
  3137 | D:4      | Lost mutation: You are partially covered in iridescent
                  | scales. (AC +2) [potion of mutation]
  3137 | D:4      | Gained mutation: You have a pair of small horns on your
                  | head. [potion of mutation]
  3139 | D:4      | Quit the game

Illustrated notes

Levels and vault maps discovered:
D:1:      minmay_arrival_solitary_statue, layout_rooms, eino_curves_03,
          solitary_fountain, minmay_misc_feat_chi
D:2:      layout_loops_ring, hellmonk_ecumenical_altar_pennies_from_heaven,
          grunt_ministairs_9
D:3:      layout_basic, nicolae_yredelemnul_corpse_copse,
          minmay_misc_feat_secret_circle, skrybe_limestone_x,
          kennysheep_generic_room_7, uniq_jessica
D:4:      layout_loops_cross, nicolae_tso_besieged_by_evil,
          minmay_temple_entry_sparse_star, serial_shops, shop,
          ebering_ghost_sewer_d, hangedman_glass_teeth, uniq_eustachio,
          uniq_edmund
Temple:   mainiacjoe_temple_big_plus

Skill      XL: |  1  2  3  4  5  6  7  8 |
---------------+-------------------------+-----
Axes           | 2 3 4 5 |  5.9
Armour         | 4 5 |  5.5
Fighting       | 4 5 |  5.1
Shields        | 4 |  4.5
Invocations    | 1 2 3 |  3.0

Action                     |  1- 3 |  4- 6 |  7- 9 || total
---------------------------+-------+-------+-------++-------
  Melee: War axe           |    91 |   206 |    63 ||   360
    Use: Scroll            |       |     7 |     4 ||    11
         Potion            |       |       |     3 ||     3
 Armour: Scale mail        |    61 |   148 |    28 ||   237
  Dodge: Dodged            |    74 |    78 |    33 ||   185
  Block: Buckler           |    22 |    46 |    17 ||    85

Table legend: (Time is in decaauts)
 A = Elapsed time spent in this place.
 B = Non-inter-level travel time spent in this place.
 C = Inter-level travel time spent in this place.
 D = Time resting spent in this place.
 E = Time spent auto-exploring this place.
 F = Levels seen in this place.
 G = Mean time per level.
                   A        B        C        D        E       F      G
               +--------+--------+--------+--------+--------+-----+--------+
         Total |   3281 |   3237 |     44 |    227 |   1997 |   5 |  656.2 |
       Dungeon |   2961 |   2938 |     23 |    115 |   1929 |   4 |  740.2 |
        Temple |    320 |    299 |     21 |    112 |     68 |   1 |  320.0 |
               +--------+--------+--------+--------+--------+-----+--------+

Top non-repeatable levels by time:
     D:3: 853 daAuts
     D:4: 823 daAuts
     D:2: 773 daAuts
     D:1: 510 daAuts
  Temple: 320 daAuts
